 Dungeon Crawl Stone Soup version 0.27-a0-789-g6bb3289e1e (webtiles) character file.

Game seed: 7020548363129807305

2661 leviel the Protected (level 9, -10/52 HPs)
             Began as a Gargoyle Monk on Mar 27, 2021.
             Was an Initiate of Gozag.
             Killed by divine providence
             ... invoked by an orc priest
              (12 damage)
             ... on level 8 of the Dungeon.
             The game lasted 00:20:06 (9452 turns).

leviel the Protected (Gargoyle Monk)                Turns: 9452, Time: 00:20:06

Health: -10/52     AC: 23    Str: 24    XL:     9   Next: 63%
Magic:  9/9        EV:  9    Int: 11    God:    Gozag
Gold:   514        SH:  0    Dex: 12    Spells: 8/8 levels left

rFire    . . .     SeeInvis .   s - +1 long sword
rCold    . . .     Faith    .   (no shield)
rNeg     + . .     Spirit   .   o - +0 plate armour
rPois    ∞         Reflect  .   (no helmet)
rElec    +         Harm     .   f - +0 cloak
rCorr    .         Rampage  .   k - +0 pair of gloves
Will     +....                  (no boots)
Stlth    ..........             (no amulet)
HPRegen  0.17/turn              i - ring of willpower
MPRegen  0.11/turn              n - +6 ring of strength

@: about to teleport, gold aura
A: AC +6, negative energy resistance 1, electricity resistance, torment
resistance 1, unbreathing 1, petrification resistance
a: Renounce Religion, Potion Petition, Call Merchant, Bribe Branch


You were on level 8 of the Dungeon.
You worshipped Gozag.
Gozag was pleased with you.
You visited 2 branches of the dungeon, and saw 9 of its levels.

You collected 858 gold pieces.
You spent 36 gold pieces at shops.
You paid 308 gold pieces to Gozag.

Inventory:

Hand Weapons
 a - a +1 falchion
 s - a +1 long sword (weapon)
Armour
 f - a +0 cloak (worn)
 k - a +0 pair of gloves (worn)
 o - a +0 plate armour (worn)
Jewellery
 g - a ring of magical power
 i - a ring of willpower (right hand)
 l - a ring of magical power
 n - a +6 ring of strength (left hand)
Wands
 j - a wand of paralysis (26)
 r - a wand of iceblast (9)
Scrolls
 b - a scroll of identify
 c - a scroll of blinking {unknown}
 e - a scroll of teleportation
 m - a scroll of magic mapping {unknown}
Potions
 d - 6 potions of flight
 h - a potion of magic
 p - 4 potions of curing
 q - a potion of heal wounds


   Skills:
 - Level 4.4 Fighting
 - Level 4.3 Long Blades
 + Level 8.9 Armour
 + Level 7.7 Dodging
 - Level 2.2 Stealth


You had 8 spell levels left.
You didn't know any spells.
Your spell library contained the following spells:

 Spells                   Type           Power      Damage    Failure   Level
 Animate Skeleton         Necr           0%         N/A       99%         1
 Apportation              Tloc           0%         N/A       99%         1
 Corona                   Hex            0%         N/A       99%         1
 Magic Dart               Conj           0%         1d3       99%         1
 Summon Small Mammal      Summ           0%         N/A       99%         1
 Blink                    Tloc           N/A        N/A       100%        2
 Call Imp                 Summ           0%         N/A       100%        2
 Searing Ray              Conj           0%         3d3       100%        2
 Slow                     Hex            0%         N/A       100%        2
 Confusing Touch          Hex            0%         N/A       100%        3
 Conjure Flame            Conj/Fire      0%         6-21      100%        3
 Dazzling Flash           Conj/Hex       0%         N/A       100%        3
 Gell's Gravitas          Tloc           0%         N/A       100%        3
 Mephitic Cloud           Conj/Pois/Air  0%         N/A       100%        3
 Fulminant Prism          Conj/Hex       0%         3d6       100%        4
 Iskenderun's Mystic Bla  Conj/Tloc      0%         2d3       100%        4
 Petrify                  Tmut/Erth      0%         N/A       100%        4
 Metabolic Englaciation   Hex/Ice        0%         N/A       100%        5
 Yara's Violent Unravell  Hex/Tmut       0%         3d3       100%        5


Dungeon Overview and Level Annotations

Branches:
Dungeon (8/15)             Temple (1/1) D:5
   Lair: D:8-11

Altars:
Ashenzari
Cheibriados
Dithmenos
Elyvilon
Fedhas
Gozag
Hepliaklqana
Kikubaaqudgha
Makhleb
Nemelex Xobeh
Okawaru
Qazlal
Ru
Sif Muna
Trog
Uskayaw
Vehumet
Wu Jian
Xom
Yredelemnul
Zin
The Shining One

Shops:
D:3 !   D:4 (


Innate Abilities, Weirdness & Mutations

Your stone body is resilient. (AC +6)
You are immune to poison.
You resist negative energy. (rN+)
You are resistant to electric shocks. (rElec)
You are resistant to unholy torment.
You can survive without breathing.
You are immune to petrification.


Message History

The orc priest closely misses you.
You closely miss the orc warrior.
You hit the orc warrior but do no damage.
The orc priest hits you but does no damage.
The orc priest looks encouraged for a moment.
The orc warrior hits you but does no damage.
You hit the orc warrior but do no damage.
The orc priest hits you with a +0 hand axe.
You barely miss the orc warrior.
The orc priest hits you but does no damage.
The orc warrior hits you but does no damage.
You closely miss the orc warrior. The orc hits you but does no damage.
The orc warrior closely misses you.
The orc priest miscasts a cantrip.
You closely miss the orc warrior. The orc closely misses you.
You riposte.
You slash the orc!
You kill the orc!
The orc warrior hits you but does no damage.
The orc priest invokes the aid of Beogh against you.
Beogh smites you!
You hit the orc warrior but do no damage.
The orc warrior hits you but does no damage.
The orc priest barely misses you.
You riposte.
You slash the orc priest!
The orc priest is severely wounded.
The orc warrior hits you but does no damage.
The orc priest mumbles some strange prayers to Beogh against you.
Beogh smites you!
The orc warrior hits you with a +0 long sword!
* * * LOW HITPOINT WARNING * * *
As you read the scroll of teleportation, it crumbles to dust.
You feel strangely unstable. The orc priest closely misses you.
The orc warrior hits you but does no damage.
The orc priest mumbles some strange prayers to Beogh against you.
Beogh smites you!
* * * LOW HITPOINT WARNING * * *
You see here a scroll labelled GOPIONU GEFU.
The orc priest mumbles some strange prayers to Beogh against you.
Beogh smites you!
You die...
Your body crumbles into a pile of gold.

##.#.......##
##.###....>##
##.## ##...
.##### ##..#
###
......###..##
..........##
.........##
..#......#
...###.@##
...###.o##
.........##
.....###.o#
..... ##$.#
..(. ##...
.... ..!..
... #......
##....


You could see an orc warrior and an orc priest.

Vanquished Creatures
  Prince Ribbit (D:6)
  A wraith (D:5)
  Eustachio (D:4)
  A yak (D:5)
  A steam dragon (D:6)
  Menkaure (D:5)
  A hornet zombie (D:5)
  An orc warrior (D:6)
  A necrophage (D:7)
  An ogre (D:5)
  A kobold brigand (D:6)
  A bullfrog (D:5)
  A wyvern zombie (D:5)
  A gnoll sergeant (D:5)
  A wyvern skeleton (D:6)
  A scorpion (D:6)
  4 jellies
  3 wights (D:7)
  A bullfrog zombie (D:6)
  A centaur zombie (D:6)
  2 hounds
  4 orc priests
  A gnoll shaman (D:6)
  2 centaur skeletons
  2 iguanas
  4 orc wizards
  A howler monkey zombie (D:5)
  14 gnolls
  11 adders
  An ufetubus (D:7)
  2 worms
  3 dart slugs
  17 orcs
  6 ball pythons
  4 bats
  4 endoplasms
  3 giant cockroaches
  4 goblins
  4 hobgoblins
  10 jackals
  A quokka (D:4)
  4 frilled lizards
  9 kobolds
  4 rats (D:1)
142 creatures vanquished.

Vanquished Creatures (others)
  2 gnolls (D:7)
  2 plants (D:1)
4 creatures vanquished.

Grand Total: 146 creatures vanquished

Notes
Turn   | Place    | Note
-------+----------+-------------------------------------------
     0 | D:1      | leviel the Gargoyle Monk began the quest for the Orb.
     0 | D:1      | Reached XP level 1. HP: 14/14 MP: 1/1
   205 | D:1      | Reached XP level 2. HP: 19/19 MP: 2/2
   670 | D:1      | Reached XP level 3. HP: 23/23 MP: 3/3
  1420 | D:2      | Reached XP level 4. HP: 18/29 MP: 4/4
  2536 | D:3      | Reached XP level 5. HP: 17/33 MP: 5/5
  2859 | D:3      | Found Puutt's Distillery.
  2865 | D:3      | Bought a potion of curing for 36 gold pieces
  3876 | D:4      | Found Meckum's Antique Weapon Shoppe.
  4008 | D:5      | Entered Level 5 of the Dungeon
  4029 | D:5      | Noticed Menkaure
  4249 | D:5      | Noticed Eustachio
  4265 | D:4      | Reached skill level 1 in Armour
  4265 | D:4      | Reached XP level 6. HP: 39/39 MP: 6/6
  4280 | D:4      | Killed Eustachio
  4281 | D:4      | Reached skill level 2 in Armour
  4318 | D:5      | Reached skill level 3 in Armour
  4377 | D:5      | Noticed a wraith
  4386 | D:5      | Killed a wraith
  4387 | D:5      | Reached XP level 7. HP: 41/44 MP: 7/7
  4412 | D:5      | Noticed a yak
  4422 | D:5      | Killed a yak
  4423 | D:5      | Reached skill level 4 in Armour
  4474 | D:5      | Reached skill level 5 in Dodging
  4514 | D:5      | Found a staircase to the Ecumenical Temple.
  4531 | Temple   | Entered the Ecumenical Temple
  4670 | Temple   | Became a worshipper of Gozag Ym Sagoz the Greedy
  4708 | D:5      | Reached skill level 5 in Armour
  4708 | D:5      | Reached XP level 8. HP: 31/48 MP: 8/8
  4969 | D:5      | Found a sparkling altar of Nemelex Xobeh.
  4970 | D:5      | Found a hide-covered altar of Uskayaw.
  5154 | D:5      | Found a white marble altar of Elyvilon.
  5163 | D:5      | Found a glowing silver altar of Zin.
  5171 | D:5      | Found an iron altar of Okawaru.
  5173 | D:5      | Found a glowing golden altar of the Shining One.
  5188 | D:5      | Killed Menkaure
  5189 | D:5      | Reached skill level 6 in Armour
  5570 | D:6      | Noticed Prince Ribbit
  6638 | D:5      | Reached skill level 7 in Armour
  7110 | D:6      | Reached XP level 9. HP: 47/52 MP: 9/9
  7378 | D:6      | Killed Prince Ribbit
  7379 | D:6      | Reached skill level 8 in Armour
  9001 | D:7      | Found a bloodstained altar of Trog.
  9013 | D:7      | Found a broken altar of Ashenzari.
  9451 | D:8      | HP: 1/52 [orc priest/divine providence (11)]
  9452 | D:8      | Killed from afar by an orc priest

Illustrated notes

Levels and vault maps discovered:
D:1:      psy_arrival_dodecagon, layout_basic, serial_bayou_pond_b
D:2:      layout_basic
D:3:      layout_loops_ring, serial_shops, shop, grunt_decor_one_mirror
D:4:      minmay_wonky_spiral, layout_loops_cross, serial_shops, shop_coins
D:5:      kennysheep_big_flooded_room, layout_cave_pools,
          grunt_temple_overflow_open, minmay_temple_entry_ruins, uniq_eustachio,
          uniq_menkaure
D:6:      layout_basic, grunt_decor_clamped, uniq_prince_ribbit1
D:7:      layout_rooms, amethyst_overflow_temple_binary,
          chequers_ossuary_entry_cave
D:8:      layout_cave_pods, serial_shops, nicolae_shop_statue_plus,
          serial_bayou_pond_d, chequers_serial_rivers_large_b, grunt_ogre_cave
Temple:   jpeg_temple_clearing

Skill      XL: |  1  2  3  4  5  6  7  8  9 |
---------------+----------------------------+-----
Long Blades    | 3 4 |  4.3
Fighting       | 4 |  4.4
Dodging        | 3 4 5 6 7 |  7.7
Armour         | 1 3 5 7 8 |  8.9
Stealth        | |  2.2

Action                   |  1- 3 |  4- 6 |  7- 9 || total
-------------------------+-------+-------+-------++-------
Melee: Falchion          |    97 |   175 |   370 ||   642
       Long sword        |       |       |    67 ||    67
Invok: Potion Petition   |       |       |     1 ||     1
  Use: Scroll            |       |     5 |     8 ||    13
       Potion            |       |     2 |     7 ||     9
 Stab: Sleeping          |     4 |     2 |       ||     6
Armor: Robe              |    35 |    22 |       ||    57
       Plate armour      |       |   114 |   414 ||   528
Dodge: Dodged            |    70 |   108 |   227 ||   405
       Rpst.: Falchion   |    28 |    24 |    70 ||   122
       Long sword        |       |       |    11 ||    11

Table legend: (Time is in decaauts)
 A = Elapsed time spent in this place.
 B = Non-inter-level travel time spent in this place.
 C = Inter-level travel time spent in this place.
 D = Time resting spent in this place.
 E = Time spent auto-exploring this place.
 F = Levels seen in this place.
 G = Mean time per level.
                   A        B        C        D        E       F      G
               +--------+--------+--------+--------+--------+-----+--------+
         Total |   9547 |   9269 |    278 |   2217 |   5271 |   9 | 1060.8 |
       Dungeon |   9390 |   9161 |    229 |   2217 |   5197 |   8 | 1173.8 |
        Temple |    156 |    107 |     49 |      0 |     74 |   1 |  156.0 |
               +--------+--------+--------+--------+--------+-----+--------+

Top non-repeatable levels by time:
     D:5: 2622 daAuts
     D:6: 1409 daAuts
     D:4: 1172 daAuts
     D:3: 1147 daAuts
     D:2: 1058 daAuts
     D:1: 929 daAuts
     D:7: 881 daAuts
     D:8: 168 daAuts
  Temple: 156 daAuts
